 Dungeon Crawl Stone Soup version 0.26-a0-597-gb535b0901c (webtiles) character file.

Game seed: 5544307000006348232

9129 HoaS the Cruncher (level 11, -3/81 HPs)
             Began as a Formicid Fighter on Aug 31, 2020.
             Was a Priest of Makhleb.
             Killed from afar by an electric eel (7 damage)
             ... with a bolt of electricity
             ... on level 1 of the Lair of Beasts.
             The game lasted 00:22:03 (10756 turns).

HoaS the Cruncher (Formicid Fighter)               Turns: 10756, Time: 00:22:04

Health: -3/81      AC: 14    Str: 24    XL:     11   Next: 68%
Magic:  12/12      EV:  9    Int:  8    God:    Makhleb [***...]
Gold:   690        SH: 11    Dex: 10    Spells: 10/10 levels left

rFire    . . .     SeeInvis +   a - +2 quarterstaff (flame)
rCold    + . .     Faith    .   c - +0 kite shield
rNeg     + . .     Spirit   .   w - +2 chain mail {rC+}
rPois    .         Reflect  .   (helmet unavailable)
rElec    .         Harm     .   (no cloak)
rCorr    +                      (no gloves)
MR       +....                  h - +1 pair of boots
Stlth    ..........             z - macabre finger necklace {rN+}
HPRegen  0.23/turn              e - +4 ring of slaying
MPRegen  0.13/turn              t - +4 ring of slaying
                                q - ring of resist corrosion

@: no status effects
A: permanent stasis, dig shafts and tunnels, four strong arms, antennae 3, high
mp 1, evolution 1
a: Dig, Shaft Self, Minor Destruction, Lesser Servant of Makhleb, Renounce
Religion


You were on level 1 of the Lair of Beasts.
You worshipped Makhleb.
Makhleb was most pleased with you.
You visited 3 branches of the dungeon, and saw 12 of its levels.
You also visited: Sewer.

You collected 690 gold pieces.

Inventory:

Hand Weapons
 a - a +2 quarterstaff of flaming (weapon)
Missiles
 i - 201 bolts
Armour
 c - a +0 kite shield (worn)
 h - a +1 pair of boots (worn)
 w - a +2 chain mail of cold resistance (worn)
Jewellery
 e - a +4 ring of slaying (left hand)
 q - a ring of resist corrosion (on amulet)
 r - an uncursed ring of stealth
 t - a +4 ring of slaying (right hand)
 z - the macabre finger necklace (around neck) {rN+}
   (You found it on level 8 of the Dungeon)

   [amulet of nothing]

   It protects you from negative energy.
Wands
 d - a wand of flame (13)
 n - a wand of enslavement (18)
 y - a wand of digging (8)
 A - a wand of iceblast (5)
 B - a wand of paralysis (8)
Scrolls
 b - a scroll of fog
 f - 3 scrolls of identify
 o - a scroll of enchant weapon
 s - 2 scrolls of remove curse
Potions
 g - a potion of resistance
 j - 4 potions of heal wounds
 k - 5 potions of mutation
 l - 2 potions of lignification
 m - 3 potions of flight
 p - 4 potions of curing
 u - a potion of stabbing
 v - 2 potions of invisibility
 x - 2 potions of ambrosia
 C - a potion of might


   Skills:
 + Level 5.6 Fighting
 - Level 14.0 Staves
 + Level 5.7 Armour
 + Level 3.6 Dodging
 - Level 9.0 Shields


You had 10 spell levels left.
You didn't know any spells.
Your spell library contained the following spells:

 Spells                   Type           Power        Failure   Level
 Sandblast                Erth           #.....       96%         1
 Summon Small Mammal      Summ           #...         96%         1
 Call Imp                 Summ           #.......     99%         2
 Passwall                 Tmut/Erth      #.......     99%         2
 Call Canine Familiar     Summ           #.......     100%        3
 Stone Arrow              Conj/Erth      #.....       100%        3
 Summon Guardian Golem    Hex/Summ       #.......     100%        3
 Petrify                  Tmut/Erth      #.......     100%        4
 Summon Ice Beast         Ice/Summ       #.......     100%        4
 Summon Lightning Spire   Summ/Air       #.......     100%        4
 Lee's Rapid Deconstruct  Erth           #.........   100%        5


Dungeon Overview and Level Annotations

Branches:
Dungeon (10/15)            Temple (1/1) D:4            Lair (1/6) D:8
  Sewer (visited)
    Orc: D:9-12

Altars:
Ashenzari
Cheibriados
Dithmenos
Elyvilon
Fedhas
Gozag
Hepliaklqana
Kikubaaqudgha
Makhleb
Nemelex Xobeh
Okawaru
Qazlal
Ru
Sif Muna
Trog
Uskayaw
Vehumet
Wu Jian
Xom
Yredelemnul
Zin
The Shining One

Shops:
D:4 [


Innate Abilities, Weirdness & Mutations

You cannot be hasted, slowed, berserked, paralysed or teleported.
You can dig through walls and to a lower floor.
Your four strong arms can wield two-handed weapons with a shield.
You have a pair of large antennae on your head. (SInv)
You have an increased reservoir of magic. (+10% MP)
You evolve.


Message History

The electric eel completely resists.
The bolt of electricity hits you!
A komodo dragon comes into view.
The electric eel shoots out a bolt of lightning at you!
The bolt of electricity hits you.
The electric eel shoots out a bolt of lightning at you!
The bolt of electricity hits you.
The electric eel shoots out a bolt of lightning at you!
The bolt of electricity hits the electric eel.
The electric eel completely resists.
The bolt of electricity hits you!
The electric eel shoots out a bolt of lightning at you!
The bolt of electricity hits you.
* * * LOW HITPOINT WARNING * * *
The bolt of electricity hits you!
* * * LOW HITPOINT WARNING * * *
The electric eel shoots out a bolt of lightning at you!
The bolt of electricity misses the electric eel.
The bolt of electricity hits you.
* * * LOW HITPOINT WARNING * * *
The bolt of electricity hits you!
You die...

#### ♣≈≈≈≈≈≈≈l♣ ≈ ...#
≈≈≈P≈≈≈≈ ≈l #.P#
♣≈≈≈≈≈P♣≈P♣ #..
P≈≈≈≈≈≈≈≈≈ #.##
#♣♣≈≈≈≈≈P≈P≈ #.P#
#P≈≈;;≈♣≈≈≈♣ .#
#.####♣♣♣;≈≈PP≈≈♣ #..
#.###.#♣≈♣≈P≈≈♣≈# ##.#
#......@.♣÷P≈≈# #
###..# #.####.#.!≈≈♣.#
#. ....##
#.≈######.....# #..
##..P###.≈≈≈...####P.#
#..#
###P...##.≈≈≈≈≈≈≈. #.#
#...
#....)#...≈≈≈≈≈≈≈≈ ..#
#...
........≈≈≈≈≈≈≈≈≈≈ #
##.#
.....†..≈≈≈≈≈≈.≈≈≈ #..
#.#}.#...≈≈≈.>≈≈≈≈ #P.


You could see 3 electric eels.

Vanquished Creatures
  Erica (D:7)
  2 cane toads (Lair:1)
  2 komodo dragons
  A troll (D:10)
  Grinder (D:3)
  Prince Ribbit (D:5)
  4 blink frogs (Lair:1)
  Sigmund (D:2)
  9 yaks
  A basilisk (Lair:1)
  A porcupine (Lair:1)
  A water moccasin (D:7)
  5 orc warriors
  Purgy (Sewer)
  3 ice beasts
  A phantom (D:8)
  2 necrophages
  2 ogres
  2 crocodiles (Lair:1)
  A centaur (D:8)
  3 big kobolds
  9 bullfrogs
  A scorpion (D:10)
  A wyvern skeleton (D:8)
  6 killer bees (D:9)
  2 electric eels
  2 howler monkeys
  6 hounds
  2 jellies
  9 orc priests
  2 centaur skeletons
  2 bullfrog skeletons (D:8)
  Jessica (D:2)
  An iguana (D:7)
  Natasha (thrice) (D:2)
  6 worker ants
  10 orc wizards
  A hound zombie (D:9)
  A howler monkey zombie (D:7)
  Robin (D:3)
  A gnoll (D:7)
  A river rat (D:5)
  9 adders
  A shadow imp (D:8)
  3 white imps
  An ufetubus (D:7)
  An ooze (D:4)
  An adder zombie (D:7)
  3 adder skeletons
  5 worms
  2 dart slugs (D:1)
  5 leopard geckos
  22 orcs
  8 bats
  5 giant cockroaches
  11 goblins
  13 hobgoblins
  4 jackals (D:5)
  5 quokkas
  A ball python (D:3)
  3 frilled lizards
  A jackal skeleton (D:4)
  14 kobolds
  A quokka skeleton (D:6)
  9 rats
241 creatures vanquished.

Vanquished Creatures (others)
  5 fungi (Lair:1)
  68 plants
73 creatures vanquished.

Grand Total: 314 creatures vanquished

Notes
Turn   | Place    | Note
-------+----------+-------------------------------------------
     0 | D:1      | HoaS the Formicid Fighter began the quest for the Orb.
     0 | D:1      | Reached XP level 1. HP: 18/18 MP: 1/1
   205 | D:1      | Reached XP level 2. HP: 24/24 MP: 2/2
   622 | D:1      | Reached XP level 3. HP: 29/29 MP: 3/3
   670 | D:1      | Reached skill level 3 in Staves
  1418 | D:2      | Noticed Natasha
  1426 | D:2      | Killed Natasha
  1426 | D:2      | Reached XP level 4. HP: 35/35 MP: 4/4
  1471 | D:2      | Found an ancient bone altar of Kikubaaqudgha.
  1507 | D:2      | Noticed Sigmund
  1517 | D:2      | Noticed Natasha
  1523 | D:2      | Killed Sigmund
  1523 | D:2      | Reached skill level 5 in Staves
  1523 | D:2      | Reached skill level 5 in Shields
  1523 | D:2      | Reached XP level 5. HP: 13/41 MP: 5/5
  1523 | D:2      | Reached XP level 6. HP: 15/47 MP: 6/6
  1526 | D:2      | Killed Natasha
  2032 | D:2      | Noticed Jessica
  2039 | D:2      | Killed Jessica
  2182 | D:2      | Noticed Natasha
  2194 | D:2      | Killed Natasha
  2401 | D:3      | Found a blossoming altar of Fedhas.
  2586 | D:3      | Found a faded altar of an unknown god.
  2642 | D:3      | Noticed Grinder
  2653 | D:3      | Killed Grinder
  2653 | D:3      | Reached skill level 6 in Staves
  2653 | D:3      | Reached XP level 7. HP: 36/52 MP: 7/7
  2996 | D:3      | Noticed Robin
  3007 | D:3      | Killed Robin
  3810 | D:4      | Found a staircase to the Ecumenical Temple.
  3814 | D:4      | Found Hejiny's Antique Armour Boutique.
  3829 | Temple   | Entered the Ecumenical Temple
  3925 | D:5      | Entered Level 5 of the Dungeon
  3925 | D:5      | Found a shattered altar of Ashenzari.
  3931 | D:5      | Reached skill level 7 in Staves
  3931 | D:5      | Reached XP level 8. HP: 58/58 MP: 8/8
  4077 | D:5      | Noticed Prince Ribbit
  4088 | D:5      | Killed Prince Ribbit
  4088 | D:5      | Reached skill level 8 in Staves
  4411 | D:5      | Found a glowing drain.
  4419 | Sewer    | Entered a sewer
  4466 | Sewer    | Noticed Purgy
  4473 | Sewer    | Killed Purgy
  4845 | D:5      | Reached XP level 9. HP: 64/64 MP: 9/9
  4946 | D:6      | Reached skill level 9 in Staves
  5681 | D:6      | Found a shadowy altar of Dithmenos.
  5997 | D:6      | Found a burning altar of Makhleb.
  6003 | D:6      | Became a worshipper of Makhleb the Destroyer
  6099 | D:6      | Found a shattered altar of Ashenzari.
  6596 | D:7      | Reached skill level 10 in Staves
  6932 | D:7      | Reached * piety under Makhleb
  6971 | D:7      | Reached skill level 11 in Staves
  7003 | D:7      | Reached XP level 10. HP: 70/70 MP: 10/10
  7076 | D:7      | Found a snail-covered altar of Cheibriados.
  7247 | D:8      | Found a sparkling altar of Nemelex Xobeh.
  7247 | D:8      | Found a glowing silver altar of Zin.
  7255 | D:8      | Noticed Erica
  7279 | D:7      | Killed Erica
  7279 | D:7      | Reached skill level 12 in Staves
  7470 | D:8      | Found the macabre finger necklace {rN+}
  7527 | D:8      | Found a staircase to the Lair.
  7536 | D:8      | Noticed a komodo dragon
  7546 | D:8      | Killed a komodo dragon
  8405 | D:9      | Reached ** piety under Makhleb
  8405 | D:9      | Reached skill level 13 in Staves
  8643 | D:9      | Reached XP level 11. HP: 55/75 MP: 11/11
  9069 | D:9      | Reached skill level 14 in Staves
  9193 | D:10     | Entered Level 10 of the Dungeon
  9321 | D:10     | Reached skill level 1 in Dodging
  9458 | D:10     | Found a stormy altar of Qazlal.
  9823 | D:10     | Got a pair of steaming boots
  9834 | D:10     | Identified the +1 pair of boots the Floral Cuttlefish
                  | {*Contam Harm rN+} (You found it on level 10 of the
                  | Dungeon)
  9863 | D:10     | Gained mutation: You evolve. [mutagenic glow]
  9976 | Lair:1   | Entered Level 1 of the Lair of Beasts
 10320 | Lair:1   | Found a shimmering altar of Xom.
 10350 | Lair:1   | Reached skill level 5 in Fighting
 10350 | Lair:1   | Reached skill level 5 in Armour
 10362 | Lair:1   | Reached *** piety under Makhleb
 10523 | Lair:1   | Gained mutation: You have an increased reservoir of magic.
                  | (+10% MP) [evolution]
 10756 | Lair:1   | HP: 4/81 [electric eel/bolt of electricity (5)]
 10756 | Lair:1   | Killed from afar by an electric eel

Illustrated notes

Levels and vault maps discovered:
D:1:      ncdulo_watergridlock, layout_loops_cross
D:2:      layout_rooms, kiku_gazebo_pond_becter, uniq_sigmund, uniq_jessica,
          uniq_natasha
D:3:      layout_loops_ring, fedhas_altar_3, chequers_ecumenical_altar_lobes,
          uniq_grinder, uniq_robin
D:4:      layout_basic, minmay_temple_entry_trees, serial_shops,
          nicolae_shop_waterfront
D:5:      layout_basic, nicolae_overflow_crystal_walls,
          lightli_sewer_entry_pipes, serial_park_tiny_1, uniq_prince_ribbit1
D:6:      layout_loops_ring, lightli_temple_of_fire,
          grunt_dithmenos_smoke_and_mirrors, serial_bayou, serial_bayou_pond_e,
          serial_bayou_pond_a, serial_bayou_pond_e, serial_bayou_pond_d,
          serial_bayou_pond_c, serial_bayou_pond_a, evilmike_ruin_ashenzari
D:7:      minmay_thinvault, layout_gridville, basic_altar
D:8:      layout_loops_ring, gammafunk_temple_overflow_wave,
          david_lair_shrubbed, uniq_erica
D:9:      layout_irregular_city
D:10:     layout_cross, nicolae_qazlal_general_emergency
Temple:   eino_wide_crystal_templ
Lair:1:   layout_loops_ring, basic_altar, serial_bayou_lake_a,
          grunt_megastairs_4, infiniplex_staircase_pool_2

Skill      XL: |  1  2  3  4  5  6  7  8  9 10 11 |
---------------+----------------------------------+-----
Shields        | 4 5 6 8 9 |  9.0
Staves         | 3 5 6 7 8 11 13 14 | 14.0
Dodging        | 3 |  3.6
Fighting       | 5 |  5.6
Armour         | 5 |  5.7

Action                   |  1- 3 |  4- 6 |  7- 9 | 10-12 || total
-------------------------+-------+-------+-------+-------++-------
Melee: Quarterstaff      |   101 |   102 |   287 |   244 ||   734
 Abil: Dig               |       |     2 |     8 |     4 ||    14
  Use: Potion            |       |     1 |     1 |       ||     2
       Scroll            |       |    11 |    10 |     8 ||    29
Armor: Scale mail        |    43 |    28 |     8 |       ||    79
       Chain mail        |       |       |    62 |    30 ||    92
Dodge: Dodged            |    33 |    25 |    51 |    27 ||   136
Block: Kite shield       |    44 |    39 |    90 |    82 ||   255

Table legend: (Time is in decaauts)
 A = Elapsed time spent in this place.
 B = Non-inter-level travel time spent in this place.
 C = Inter-level travel time spent in this place.
 D = Time resting spent in this place.
 E = Time spent auto-exploring this place.
 F = Levels seen in this place.
 G = Mean time per level.
                   A        B        C        D        E       F      G
               +--------+--------+--------+--------+--------+-----+--------+
         Total |  10712 |  10232 |    480 |   1905 |   6634 |  13 |  824.0 |
       Dungeon |   9683 |   9211 |    472 |   1563 |   6134 |  10 |  968.3 |
        Temple |     50 |     43 |      7 |      0 |     42 |   1 |   50.0 |
          Lair |    754 |    754 |      0 |    298 |    320 |   1 |  754.0 |
         Sewer |    224 |    224 |      0 |     44 |    138 |   1 |  224.0 |
               +--------+--------+--------+--------+--------+-----+--------+

Top non-repeatable levels by time:
     D:6: 1583 daAuts
     D:2: 1347 daAuts
     D:9: 1084 daAuts
     D:1: 1044 daAuts
     D:3: 880 daAuts
     D:8: 863 daAuts
     D:5: 817 daAuts
  Lair:1: 754 daAuts
    D:10: 724 daAuts
     D:7: 702 daAuts
     D:4: 636 daAuts
   Sewer: 224 daAuts
  Temple: 50 daAuts
